 Dungeon Crawl Stone Soup version 0.30.1 (webtiles) character file.

Game seed: 2675338931918347599

6889 safid the Frost Mage (level 11, -4/92 HPs)
             Began as a Merfolk Ice Elementalist on July 10, 2023.
             Was a Priest of Vehumet.
             Slain by a +8 scimitar of the Depths {spect, rC+} (13 damage)
             ... created by an orc warlord
             ... in a bailey.
             The game lasted 00:22:23 (9397 turns).

safid the Frost Mage (Merfolk Ice Elementalist)     Turns: 9397, Time: 00:22:24

Health: -4/92      AC: 22    Str: 10    XL:     11   Next: 6%
Magic:  29/32      EV: 13    Int: 18    God:    Vehumet [***...]
Gold:   510        SH:  5    Dex: 14    Spells: 19/26 levels left

rFire   . . .        K - +6 long sword of Recklessness {protect, MP+9}
rCold   . . .        (no shield)
rNeg    + . .        a - +0 robe
rPois   .            u - +0 helmet
rElec   .            H - +1 cloak of Dramatic Exits {*Corrode Regen+ Stlth+}
rCorr   .            D - +0 pair of gloves
SInv    .            w - +0 pair of boots
Will    .....        B - amulet of reflection
Stlth   +++          C - ring of positive energy
HPRegen 1.15/turn    v - ring of wizardry
MPRegen 0.23/turn

%: corrode self (3%), reflection, wizardry (x1)
@: ice-armoured, under a protective aura, on berserk cooldown, flying, slowed,
very slow
A: (nimble swimmer 2), mertail
a: Renounce Religion


You were in a bailey.
You worshipped Vehumet.
Vehumet was most pleased with you.
You visited 2 branches of the dungeon, and saw 10 of its levels.
You also visited: Bailey.

You collected 795 gold pieces.
You spent 285 gold pieces at shops.

Inventory:

Hand Weapons
 K - the +6 long sword of Recklessness (weapon) {protect, MP+9}
   (You found it on level 6 of the Dungeon)

   MP:        It affects your magic capacity (+9).
Missiles
 k - 5 curare-tipped darts
 G - a throwing net
Armour
 a - a +0 robe (worn)
 u - a +0 helmet (worn)
 w - a +0 pair of boots (worn)
 D - a +0 pair of gloves (worn)
 H - the +1 cloak of Dramatic Exits (worn) {*Corrode Regen+ Stlth+}
   (You bought it in a shop on level 5 of the Dungeon)

   Regen:     It increases your rate of health regeneration.
   *Corrode:  It may corrode you when you take damage.
   Stlth:     It makes you more stealthy.
Jewellery
 g - a ring of fire
 v - a ring of wizardry (right hand)
 B - an amulet of reflection (around neck)
 C - a ring of positive energy (left hand)
Wands
 I - a wand of mindburst (2)
Scrolls
 c - 2 scrolls of amnesia
 d - a scroll of acquirement
 f - 2 scrolls of enchant weapon {unknown}
 i - 5 scrolls of teleportation
 j - 2 scrolls of poison {unknown}
 m - 2 scrolls of silence
 o - a scroll of enchant armour {unknown}
 r - 4 scrolls of fog {unknown}
 y - a scroll of blinking
 z - 2 scrolls of vulnerability {unknown}
 A - 3 scrolls of fear
 F - a scroll of butterflies {unknown}
 J - a scroll of noise {unknown}
Potions
 b - 3 potions of magic
 e - 3 potions of heal wounds {unknown}
 h - 2 potions of haste {unknown}
 l - 7 potions of curing
 n - 2 potions of brilliance {unknown}
 p - 2 potions of degeneration {unknown}
 q - 2 potions of flight
 s - a potion of resistance {unknown}
 t - a potion of invisibility {unknown}
 x - a potion of berserk rage
 E - a potion of might {unknown}
 L - a potion of cancellation {unknown}


   Skills:
 + Level 10.9 Fighting
 - Level 4.0 Dodging
 - Level 2.1 Stealth
 - Level 8.0 Spellcasting
 + Level 11.8 Ice Magic


You had 19 spell levels left.
You knew the following spells:

 Your Spells              Type           Power      Damage    Failure   Level
a - Freeze                Ice            100%       1d10      1%          1
b - Frozen Ramparts       Ice            98%        1d15      1%          3
c - Ozocubu's Armour      Ice            49%        N/A       1%          3

Your spell library contained the following spells:

 Spells                   Type           Power      Damage    Failure   Level
 Inner Flame              Hex/Fire       7%         N/A       3%          3
 Ensorcelled Hibernation  Hex/Ice        56%        N/A       1%          2
 Static Discharge         Conj/Air       14%        2-3/arc   1%          2
 Summon Ice Beast         Ice/Summ       28%        N/A       3%          4
 Passwall                 Tmut/Erth      5%         N/A       6%          2
 Airstrike                Air            3%         2d(1-17)  11%         4
 Gell's Gravitas          Tloc           7%         N/A       12%         3
 Swiftness                Air            7%         N/A       12%         3
 Teleport Other           Tloc           7%         N/A       12%         3
 Vhi's Electric Charge    Tloc/Air       14%        N/A       12%         3
 Arcjolt                  Conj/Air       3%         1d13      26%         5
 Summon Lightning Spire   Summ/Air       7%         N/A       34%         4
 Dispersal                Tloc           3%         N/A       99%         6
 Maxwell's Capacitive Co  Air            3%         ∞         100%        8


Dungeon Overview and Level Annotations

Branches:
Dungeon (9/15)             Temple (1/1) D:6          Bailey (1/1)
   Lair: D:8-11         Orc: D:9-12

Altars:
Cheibriados
Dithmenos
Elyvilon
Fedhas
Hepliaklqana
Nemelex Xobeh
Okawaru
Qazlal
Ru
Uskayaw
Vehumet
Wu Jian
Xom
Yredelemnul
Zin
The Shining One

Shops:
D:3 *   D:5 [**(

Annotations:
D:6 3 runed translucent doors, 1 exclusion, monsoonserge's ghost, novice MeCA
D:8 2 transporters, Sanktem7's ghost, novice MiFi


Innate Abilities, Weirdness & Mutations

((You are very nimble when in or above water. (Stealth+, EV+, Speed+++)))
Your lower body shifts to a powerful aquatic tail in water.


Message History

The frozen ramparts melt away.
The +8 scimitar of the Depths {spect, rC+} hits you but does no damage.
The orc warlord hits you with the +8 scimitar of the Depths {spect, rC+}!!
The +8 scimitar of the Depths {spect, rC+} hits you.
* * * LOW HITPOINT WARNING * * *
You slash the orc warlord!
The orc warlord is severely wounded.
You block the +8 scimitar of the Depths {spect, rC+}'s attack.
The +8 scimitar of the Depths {spect, rC+} hits you!
* * * LOW HITPOINT WARNING * * *
The orc warlord hits you but does no damage.
The +8 scimitar of the Depths {spect, rC+} hits you but does no damage.
You slash the orc warlord!
The orc warlord is severely wounded.
The +8 scimitar of the Depths {spect, rC+} completely misses you.
The orc warlord hits you but does no damage.
The +8 scimitar of the Depths {spect, rC+} barely misses you.
Unknown command.
You hit the orc warlord.
The orc warlord is almost dead.
You are no longer berserk.
You are exhausted.
You feel yourself slow down.
The +8 scimitar of the Depths {spect, rC+} hits you.
* * * LOW HITPOINT WARNING * * *
The +8 scimitar of the Depths {spect, rC+} hits you.
* * * LOW HITPOINT WARNING * * *
The orc warlord completely misses you.
The +8 scimitar of the Depths {spect, rC+} hits you.
* * * LOW HITPOINT WARNING * * *
Unknown command.
You barely miss the orc warlord.
The orc warlord is severely wounded.
The +8 scimitar of the Depths {spect, rC+} hits you.
* * * LOW HITPOINT WARNING * * *
The +8 scimitar of the Depths {spect, rC+} hits you.
* * * LOW HITPOINT WARNING * * *
The orc warlord misses you.
The +8 scimitar of the Depths {spect, rC+} hits you!
You die...

8....')....))(........#
...#########......8...#
..##~~~#~~~####......##
..#~).....~#~~#.....##
..#~?........~#....##
..##8.8...8.8~##...#
.(.#.........~~'...#
...#....∩....~~'...#
...#.........~~o@..#
..##8.8...8.8~##(.)#
..#~?........~#..(.##
..#~|.....~#~~#..((.##
..##~~~#~~~####......##
...#########......8...#
8....'..)..'..........#
.....#~~~~~#..........#
.....#~~~~~#...8..8..##


You could see an orc warlord and a +8 scimitar of the Depths {spect, rC+}.

Vanquished Creatures
  A gargoyle (D:8)
  A troll (D:8)
  Prince Ribbit (D:8)
  Sigmund (D:4)
  7 yaks (D:9)
  A vampire (D:7)
  2 wyverns
  A steam dragon (D:8)
  Edmund (D:6)
  5 orc warriors
  A black bear (D:6)
  2 ogres
  A wolf (D:9)
  2 kobold brigands
  3 centaurs (D:8)
  5 bullfrogs
  3 gnoll sergeants (D:6)
  2 scorpions
  11 wights
  A water moccasin zombie (D:5)
  9 killer bees
  A howler monkey (D:9)
  An electric eel (D:9)
  2 bullfrog zombies (D:5)
  2 jellies (D:4)
  4 hounds
  4 orc priests
  4 iguanas
  4 gnoll boudas
  A sleepcap (D:4)
  Jessica (D:3)
  9 orc wizards
  A scorpion zombie (D:5)
  30 gnolls
  6 adders
  A shadow imp (D:5)
  A white imp (D:6)
  A howler monkey simulacrum (D:9)
  2 ufetubi (D:9)
  An adder zombie (D:5)
  2 worms
  2 dart slugs
  31 orcs
  7 ball pythons
  An endoplasm (D:4)
  5 giant cockroaches
  22 goblins
  14 hobgoblins
  3 jackals (D:5)
  A quokka (D:4)
  6 bats
  3 frilled lizards
  33 kobolds
  6 rats
273 creatures vanquished.

Vanquished Creatures (others)
  A kobold (D:6)
1 creature vanquished.

Grand Total: 274 creatures vanquished

Notes
Turn   | Place    | Note
-------+----------+-------------------------------------------
     0 | D:1      | safid the Merfolk Ice Elementalist began the quest for the
                  | Orb.
     0 | D:1      | Reached XP level 1. HP: 13/13 MP: 3/3
   457 | D:1      | Reached XP level 2. HP: 15/20 MP: 1/5
   792 | D:1      | Reached skill level 1 in Fighting
  1408 | D:2      | Reached XP level 3. HP: 17/26 MP: 4/6
  1414 | D:2      | Learned a level 3 spell: Frozen Ramparts
  1842 | D:3      | Learned a level 3 spell: Ozocubu's Armour
  1866 | D:3      | Found Nibebefi's Assorted Antiques.
  2024 | D:3      | Reached skill level 5 in Ice Magic
  2024 | D:3      | Reached XP level 4. HP: 22/33 MP: 3/8
  2077 | D:3      | Identified the +4 rapier of Coywk {heavy, *Rage rN+ Str+8}
  2166 | D:3      | Noticed Jessica
  2173 | D:3      | Killed Jessica
  2174 | D:3      | Reached XP level 5. HP: 39/39 MP: 9/9
  2416 | D:3      | Found a faded altar of an unknown god.
  2491 | D:3      | Found a hide-covered altar of Uskayaw.
  2886 | D:4      | Reached XP level 6. HP: 46/47 MP: 1/11
  3283 | D:4      | Reached skill level 6 in Ice Magic
  3374 | D:4      | Reached XP level 7. HP: 53/53 MP: 5/13
  3764 | D:4      | Noticed Sigmund
  3773 | D:4      | Killed Sigmund
  4061 | D:5      | Entered Level 5 of the Dungeon
  4093 | D:5      | Found a shadowy altar of Dithmenos.
  4148 | D:5      | Found a stormy altar of Qazlal.
  4185 | D:5      | Reached skill level 5 in Fighting
  4309 | D:5      | Found a snail-covered altar of Cheibriados.
  4319 | D:5      | Reached XP level 8. HP: 61/62 MP: 15/15
  4741 | D:5      | Reached skill level 7 in Ice Magic
  4745 | D:5      | Reached skill level 5 in Spellcasting
  4802 | D:5      | Found a basalt altar of Yredelemnul.
  5241 | D:5      | Found Noatawua's General Store.
  5242 | D:5      | Found Tuuliara's Antique Weapon Boutique.
  5242 | D:5      | Found Xeteaxzahe's Armour Boutique.
  5242 | D:5      | Found Joett's Assorted Antiques.
  5334 | D:5      | Bought a fine cloak for 285 gold pieces
  5334 | D:5      | Identified the +1 cloak of Dramatic Exits {*Corrode Regen+
                  | Stlth+} (You bought it in a shop on level 5 of the Dungeon)
  5377 | D:5      | Found an ornate altar of the Wu Jian Council.
  5730 | D:6      | Reached skill level 8 in Ice Magic
  5819 | D:6      | Reached XP level 9. HP: 61/71 MP: 8/18
  6101 | D:6      | Found a staircase to the Ecumenical Temple.
  6104 | D:6      | Noticed Edmund
  6114 | Temple   | Entered the Ecumenical Temple
  6119 | Temple   | Became a worshipper of Vehumet
  6183 | D:6      | Found a runed translucent gate.
  6183 | D:6      | Found a runed translucent gate.
  6187 | D:6      | Found a runed translucent gate.
  6187 | D:6      | Noticed monsoonserge's ghost (novice MeCA)
  6321 | D:6      | Found a glowing silver altar of Zin.
  6321 | D:6      | Found a white marble altar of Elyvilon.
  6322 | D:6      | Found a glowing golden altar of the Shining One.
  6490 | D:6      | Killed Edmund
  6540 | D:6      | Identified the +6 long sword of Recklessness {protect,
                  | MP+9}
  6706 | D:6      | Found the +2 hat of the Bear Spirit {Spirit, Bear, *Rage
                  | Will++}
  7085 | D:7      | Reached skill level 9 in Ice Magic
  7506 | D:7      | Reached * piety under Vehumet
  7506 | D:7      | Offered knowledge of Foxfire by Vehumet.
  7765 | D:7      | Reached XP level 10. HP: 69/82 MP: 21/21
  7893 | D:8      | Noticed Prince Ribbit
  7993 | D:8      | Killed Prince Ribbit
  7994 | D:8      | Reached skill level 10 in Ice Magic
  8075 | D:8      | Noticed a gargoyle
  8138 | D:8      | Killed a gargoyle
  8406 | D:8      | Found a hazy altar of Hepliaklqana.
  8409 | D:8      | Found a sparkling altar of Nemelex Xobeh.
  8490 | D:8      | Found a transporter.
  8497 | D:8      | Offered knowledge of Searing Ray by Vehumet.
  8499 | D:8      | Reached ** piety under Vehumet
  8516 | D:8      | Noticed Sanktem7's ghost (novice MiFi)
  8521 | D:8      | Noticed a moth of wrath
  8576 | D:8      | Found a transporter.
  8792 | D:9      | Found a flagged portal.
  8991 | D:9      | Reached skill level 10 in Fighting
  8992 | D:9      | Reached skill level 11 in Ice Magic
  9017 | D:9      | Reached XP level 11. HP: 42/92 MP: 23/23
  9038 | Bailey   | Entered a bailey
  9072 | Bailey   | Offered knowledge of Inner Flame by Vehumet.
  9078 | Bailey   | Noticed an orc warlord
  9125 | Bailey   | Reached *** piety under Vehumet
  9151 | Bailey   | Found a runed translucent gate.
  9154 | Bailey   | Found a runed translucent gate.
  9156 | Bailey   | Found a runed translucent gate.
  9343 | Bailey   | Identified the +8 scimitar of the Depths {spect, rC+}
  9397 | Bailey   | Slain by a +8 scimitar of the Depths {spect, rC+}

Illustrated notes

Levels and vault maps discovered:
D:1:      lightli_arrival_farm, layout_basic, minmay_strange_pillars,
          minmay_fountain_box
D:2:      layout_loops_cross
D:3:      layout_loops_ring, nicolae_uskayaw_dance_hall,
          hellmonk_ecumenical_altar_lost_god, serial_shops,
          nicolae_diamond_shop, kennysheep_generic_room_6, uniq_jessica
D:4:      cheibrodos_helix_gallery, layout_loops_cross, uniq_sigmund
D:5:      corexii_shantytown, layout_loops_ring, nicolae_dithmenos_the_darkroom,
          nicolae_yredelemnul_corpse_copse, mainiacjoe_overflow_cross_hatched,
          pdpol_wu_jian_five_deadly_venoms, nicolae_qazlal_general_emergency,
          minmay_shop_grid_forest
D:6:      kennysheep_housing_project, layout_cave_pools, good_gods_temple_1,
          minmay_temple_entry_slanted, biasface_ghost_orc_armoury, uniq_edmund
D:7:      layout_basic, minmay_holes, grunt_ministairs_5
D:8:      layout_gridville, nicolae_overflow_hidden_temple,
          gammafunk_ghost_berserking_beasts, uniq_prince_ribbit1
D:9:      statuecave_lemuel, layout_basic,
          mainiacjoe_overflow_concentric_impassable,
          mainiacjoe_overflow_alcove_1, serial_ice, serial_ice_i, serial_ice_g,
          serial_ice_a, serial_ice_o, enter_bailey_3
Temple:   nicolae_temple_ecumenical_triangle
Bailey:   bailey_axe_bossmonster_kennysheep, bailey

Skill      XL: |  1  2  3  4  5  6  7  8  9 10 |
---------------+-------------------------------+-----
Fighting       | 1 2 3 5 6 8 10 | 10.9
Ice Magic      | 5 6 8 9 11 | 11.8
Spellcasting   | 3 4 6 7 8 |  8.0
Dodging        | 3 4 |  4.0
Stealth        | |  2.1

Action                     |  1- 3 |  4- 6 |  7- 9 | 10-12 || total
---------------------------+-------+-------+-------+-------++-------
  Melee: Unarmed           |    15 |       |       |       ||    15
         Punch             |     1 |     1 |       |     1 ||     3
         Short sword       |    32 |    28 |     5 |       ||    65
         Rapier            |       |     7 |       |       ||     7
         Halberd           |       |       |   181 |       ||   181
         Long sword        |       |       |    60 |   131 ||   191
   Cast: Freeze            |    34 |    17 |    17 |    25 ||    93
         Frozen Ramparts   |     1 |     8 |    41 |    23 ||    73
         Ozocubu's Armour  |       |     4 |    27 |    16 ||    47
    Use: Potion            |       |       |     2 |     4 ||     6
         Scroll            |       |       |     6 |     4 ||    10
   Stab: Sleeping          |     3 |     3 |    16 |       ||    22
         Distracted        |       |       |     1 |       ||     1
 Armour: Robe              |    18 |    12 |    88 |   115 ||   233
  Dodge: Dodged            |    56 |    29 |   191 |   182 ||   458
  Block: Other             |       |     1 |    54 |    65 ||   120
         Reflection        |       |       |     3 |     3 ||     6
